 Dungeon Crawl Stone Soup version 0.31-a0-145-g046c7d2549 (webtiles) character file.

Game seed: 9498191663731763329

32 Irreverend the Slasher (level 3, -2/27 HPs)
             Began as a Vampire Gladiator on June 6, 2023.
             Frozen to death by an endoplasm (4 damage)
             ... on level 2 of the Dungeon.
             The game lasted 00:00:59 (901 turns).

Irreverend the Slasher (Vampire Gladiator)           Turns: 901, Time: 00:01:00

Health: -2/27      AC:  5    Str: 13    XL:     3   Next: 10%
Magic:  3/3        EV: 13    Int: 12    God:
Gold:   41         SH:  0    Dex: 15    Spells: 2/2 levels left

rFire   . . .        a - +0 long sword
rCold   . . .        (no shield)
rNeg    . . .        b - +0 leather armour
rPois   .            c - +0 helmet
rElec   .            (no cloak)
rCorr   .            g - +0 pair of gloves
SInv    +            (no boots)
Will    .....        (no amulet)
Stlth   +            (no ring)
HPRegen 0.44/turn    (no ring)
MPRegen 0.08/turn

%: no passive effects
@: healing quickly
A: alive, fangs 3, see invisible, vampiric 2
a: Exsanguinate


You were on level 2 of the Dungeon.
You visited 1 branch of the dungeon, and saw 2 of its levels.

You collected 41 gold pieces.

Inventory:

Hand Weapons
 a - a +0 long sword (weapon)
Missiles
 d - 3 throwing nets (quivered)
 e - a javelin
Armour
 b - a +0 leather armour (worn)
 c - a +0 helmet (worn)
 g - a +0 pair of gloves (worn)
Jewellery
 f - a ring of wizardry
 h - a ring of wizardry
Scrolls
 i - a scroll of immolation {unknown}
 j - a scroll of teleportation {unknown}
 k - a scroll of butterflies {unknown}
 l - a scroll of poison {unknown}


   Skills:
 + Level 2.2 Fighting
 * Level 3.7 Long Blades
 - Level 1.5 Throwing
 + Level 3.6 Dodging


You had 2 spell levels left.
You didn't know any spells.
Your spell library contained the following spells:

 Spells                   Type           Power      Damage    Failure   Level
 Blink                    Tloc           0%         N/A       54%         2
 Lesser Beckoning         Tloc           0%         N/A       54%         2
 Momentum Strike          Conj/Tloc      0%         3d8       54%         2


Dungeon Overview and Level Annotations

Branches:
Dungeon (2/15)

Altars:


Innate Abilities, Weirdness & Mutations

Your natural rate of healing is accelerated.
You have razor-sharp teeth.
You have supernaturally acute eyesight. (SInv)
You are afflicted with vampirism and can become a bat while bloodless.


Message History

You closely miss the adder.
The adder is almost dead.
The adder closely misses you. The adder completely misses you.
The kobold closely misses you. The endoplasm completely misses you.
You closely miss the adder.
The adder is almost dead.
The adder closely misses you. The endoplasm closely misses you.
The kobold closely misses you.
You closely miss the adder.
The adder is almost dead.
The adder bites you but does no damage.
The endoplasm hits you but does no damage.
The kobold completely misses you. The adder completely misses you.
You barely miss the adder. Your punch misses the adder.
The adder is almost dead.
The adder closely misses you. The endoplasm freezes you.
You are frozen.
The kobold barely misses you. The adder bites you but does no damage.
The kobold hits you but does no damage.
The endoplasm jiggles.
The endoplasm hits you.
* * * LOW HITPOINT WARNING * * *
You hit the adder.
You kill the adder!
A ball python comes into view.
The endoplasm freezes you.
You are frozen.
* * * LOW HITPOINT WARNING * * *
The kobold hits you but does no damage.
You have reached level 3!
Your experience leads to an increase in your attributes!
Increase (S)trength, (I)ntelligence, or (D)exterity?
You feel clever. x2
You can now turn into a vampire bat when bloodless.
You barely miss the kobold.
The kobold hits you with a +0 short sword.
* * * LOW HITPOINT WARNING * * *
The endoplasm freezes you.
You are frozen.
You die...

#######
...#.....#######
.......@K.......
........J.......
!...............
................
................
................
.........S......
................
........#......


You could see an endoplasm, a ball python (wandering) and a kobold.

Vanquished Creatures
  An adder (D:2)
  3 endoplasms (D:1)
  3 giant cockroaches (D:1)
  2 goblins (D:1)
  3 hobgoblins (D:1)
  A quokka (D:1)
  3 ball pythons (D:1)
  A bat (D:1)
  2 frilled lizards (D:1)
  3 kobolds (D:1)
22 creatures vanquished.

Notes
Turn   | Place    | Note
-------+----------+-------------------------------------------
     0 | D:1      | Irreverend the Vampire Gladiator began the quest for the
                  | Orb.
     0 | D:1      | Reached XP level 1. HP: 16/16 MP: 1/1
   270 | D:1      | Reached XP level 2. HP: 22/22 MP: 2/2
   901 | D:2      | Gained mutation: You are afflicted with vampirism and can
                  | become a bat while bloodless. [Vampire growth]
   901 | D:2      | Reached XP level 3. HP: 4/27 MP: 3/3
   901 | D:2      | Frozen to death by an endoplasm

Illustrated notes

Levels and vault maps discovered:
D:1:      nzn_arrival_crosshair, layout_basic
D:2:      layout_rooms, minmay_box_of_dots

Skill      XL: |  1 |
---------------+----+-----
Fighting       | 2 |  2.2
Long Blades    | |  3.7
Throwing       | |  1.5
Dodging        | |  3.6

Action                     || total
---------------------------++-------
  Melee: Long sword        ||    65
         Bite              ||     1
 Armour: Leather armour    ||    35
  Dodge: Dodged            ||    59

Table legend: (Time is in decaauts)
 A = Elapsed time spent in this place.
 B = Non-inter-level travel time spent in this place.
 C = Inter-level travel time spent in this place.
 D = Time resting spent in this place.
 E = Time spent auto-exploring this place.
 F = Levels seen in this place.
 G = Mean time per level.
                   A        B        C        D        E       F      G
               +--------+--------+--------+--------+--------+-----+--------+
         Total |    915 |    876 |     39 |      0 |    721 |   2 |  457.5 |
       Dungeon |    915 |    876 |     39 |      0 |    721 |   2 |  457.5 |
               +--------+--------+--------+--------+--------+-----+--------+

Top non-repeatable levels by time:
     D:1: 899 daAuts
     D:2: 16 daAuts
